 Dungeon Crawl Stone Soup version 0.21.0-3-g78d12a8 (webtiles) character file.

25 komo4ek the Ducker (level 2, 0/14 HPs)
             Began as a Felid Berserker on Jan 12, 2018.
             Was a Follower of Trog.
             Succumbed to an adder's poison
             ... on level 1 of the Dungeon.
             The game lasted 00:01:47 (778 turns).

komo4ek the Ducker (Felid Berserker)                 Turns: 778, Time: 00:01:48

Health: 0/14       AC:  1    Str: 18    XL:     2   Next: 82%
Magic:  3/3        EV: 19    Int:  8    God:    Trog [*.....]
Gold:   33         SH:  0    Dex: 15    Spells: 1/1 levels left
                                        Lives:  0   Deaths: 0

rFire    . . .     SeeInvis +     - Unarmed
rCold    . . .     Gourm    .   (shield unavailable)
rNeg     . . .     Faith    .   (armour unavailable)
rPois    .         Spirit   .   (helmet unavailable)
rElec    .         Reflect  .   (cloak unavailable)
rCorr    .         Harm     .   (gloves unavailable)
MR       .....                  (boots unavailable)
Stlth    ++........             (no amulet)
HPRegen  0.04/turn              (no ring)
MPRegen  0.08/turn              (no ring)

@: mighty, lethally poisoned (0 -> -8), quick
A: very small, no armour, no weapons or thrown items, stealth, claws 1, fangs 3,
see invisible, carnivore, speed 1, shaggy fur 1, slow metabolism 1, sharp paws
a: Berserk, Burn Spellbooks, Renounce Religion


You were on level 1 of the Dungeon.
You worshipped Trog.
Trog was aware of your devotion.
You were not hungry.

You visited 1 branch of the dungeon, and saw 2 of its levels.

You collected 33 gold pieces.

Inventory:

Scrolls
 d - a scroll of noise {unknown}
 e - 2 scrolls of teleportation {unknown}
 f - a scroll of enchant weapon {unknown}
Potions
 c - 2 potions of brilliance {unknown}
 g - a potion of flight {unknown}
Comestibles
 a - 3 rations


   Skills:
 + Level 3.3 Fighting
 + Level 4.4 Dodging
 * Level 3.6 Unarmed Combat


You had one spell level left.
You didn't know any spells.

Dungeon Overview and Level Annotations

Branches:
Dungeon (2/15)

Altars:

Annotations:
D:1 1 runed door


Innate Abilities, Weirdness & Mutations

You cannot wear armour.
You are incapable of wielding weapons or throwing items.
Your paws allow you to move quietly. (Stealth)
You have sharp claws.
You have razor-sharp teeth.
You have supernaturally acute eyesight. (SInv)
You are carnivorous and can eat meat at any time.
You cover ground quickly.
You are covered in fur. (AC +1)
You have a slow metabolism.
Your sharp claws are effective at attacking unaware monsters.


Message History

You claw the frilled lizard!
You kill the frilled lizard!
Trog accepts your kill.
No target in view!
No target in view!
You climb downwards.
The adder closely misses you. The goblin barely misses you.
The adder closely misses you. The goblin hits you with a club.
There is a stone staircase leading up here.
The adder barely misses you. The goblin hits you with a club.
You climb upwards.
Level annotation: 1 runed door
There is a stone staircase leading down here.
You miss the adder. Your claw misses the adder. The adder bites you. x2
* * * LOW HITPOINT WARNING * * *
You are lethally poisoned!
The adder poisons you! The goblin misses you.
It was a potion of might.
You feel very mighty all of a sudden.
You die...

########## #........#
#........#
######........#####
#...##........+...#
....##........###g####
....'...........@S...#
)...###.####..######.#
..#####.####....####.#
#..........#.##.#....#
###
#....###...#.##...####
#.#
#....##....'....#.#
#.#
##.........#.##.#.#
#######.#
##.####...#.##.###
#.......# #..#
#####.##.# #.#######


You could see an adder and a goblin.

Vanquished Creatures
  2 leopard geckos (D:1)
  3 bats (D:1)
  A giant cockroach (D:1)
  6 goblins
  3 hobgoblins (D:1)
  A frilled lizard (D:1)
  3 rats (D:1)
19 creatures vanquished.

Notes
Turn   | Place    | Note
-------+----------+-------------------------------------------
     0 | D:1      | komo4ek the Felid Berserker began the quest for the Orb.
     0 | D:1      | Reached XP level 1. HP: 10/10 MP: 2/2
     1 | D:1      | Found a runed door.
   121 | D:1      | Reached XP level 2. HP: 7/14 MP: 3/3
   778 | D:1      | Succumbed to an adder's poison

Action                   || total
-------------------------++-------
Melee: Unarmed           ||    57
       Bite              ||     4
       Punch             ||     1
  Use: Potion            ||     1
 Stab: Sleeping          ||     2
Armor: Skin              ||     4
Dodge: Dodged            ||    56
